 Dungeon Crawl Stone Soup version 0.17-a0-1642-gd4b747b (webtiles) character file.

50 thrall606 the Conjurer (level 3, -2/25 HPs)
             Began as a Demonspawn Conjurer on Aug 8, 2015.
             Slain by a worm (4 damage)
             ... on level 2 of the Dungeon.
             The game lasted 00:07:07 (1684 turns).

thrall606 the Conjurer (Demonspawn Conjurer)        Turns: 1684, Time: 00:07:08

Health: -2/25      AC:  3    Str:  8    XL:     3   Next: 55%
Magic:  1/6        EV: 12    Int: 17    God:
Gold:   87         SH:  0    Dex: 13    Spells: 2 memorised, 3 levels left

rFire  . . .     SeeInvis .     e - -1 dagger (curse)
rCold  . . .     Clarity  .     n - +0 robe (curse)
rNeg   . . .     SustAt   .     (no shield)
rPois  .         Gourm    .     (no helmet)
rElec  .         Spirit   .     (no cloak)
rCorr  .         Warding  .     k - +0 pair of gloves
rMut   .         Stasis   .     (no boots)
MR     .....                    (no amulet)
Stlth  ++++......               (no ring)
                                (no ring)

@: not resistant to hostile enchantments, stealthy
A: nightstalker 2
a: no special abilities


You were on level 2 of the Dungeon.
You were not hungry.

You visited 1 branch of the dungeon, and saw 2 of its levels.

You collected 87 gold pieces.

Inventory:

Hand weapons
 e - a cursed -1 dagger (weapon)
 f - a +0 short sword
Armour
 a - a +0 robe
 i - a +0 robe
 k - a +0 pair of gloves (worn)
 n - a cursed +0 robe (worn)
Scrolls
 g - a scroll of amnesia
 m - 2 scrolls of teleportation
Potions
 h - a potion of degeneration
Books
 b - a book of Conjurations

   Spells                             Type                      Level
   a - Magic Dart                     Conjuration                  1
   b - Searing Ray                    Conjuration                  2
   c - Dazzling Spray                 Conjuration/Hexes            3
   d - Fulminant Prism                Conjuration/Hexes            4
   e - Iskenderun's Mystic Blast      Conjuration                  4
   f - Iskenderun's Battlesphere      Conjuration/Charms           5
Comestibles
 c - 6 bread rations
 d - 2 fruits
 j - a chunk of flesh


   Skills:
 + Level 0.4 Fighting
 + Level 2.2 Dodging
 + Level 2.1 Stealth
 + Level 2.2 Spellcasting
 + Level 4.6 Conjurations


You had 3 spell levels left.
You knew the following spells:

 Your Spells              Type           Power        Failure   Level  Hunger
a - Magic Dart            Conj           ###.         2%          1    #......
b - Searing Ray           Conj           ###...       4%          2    ###....


Dungeon Overview and Level Annotations

Branches:
Dungeon (2/15)

Altars:


Innate Abilities, Weirdness & Mutations

You are significantly more attuned to the shadows.


Message History

The rat barely misses you. The worm misses you.
You hit the worm but do no damage.
The worm is lightly wounded.
The rat bites you. The worm bites you!
* * * LOW HITPOINT WARNING * * *
You hit the worm.
The worm is lightly wounded.
The rat bites you.
* * * LOW HITPOINT WARNING * * *
You hit the worm.
The worm is moderately wounded.
The rat twitches its whiskers.
The rat barely misses you. The worm bites you but does no damage.
You hit the worm but do no damage.
The worm is moderately wounded.
The rat closely misses you.
You barely miss the worm.
The worm is moderately wounded.
The rat barely misses you. The worm bites you.
You die...

#.# #. #.# .##
#># .<# #.# #.#
#.# #.# #)# #.##
#.# #..# #w#
##.## .## #@#
#..### ....#r##
##...##
#....#######..#
####........#..#
##...###.##.#
#...###..#.##
#....###.#..#
#....# #.##.# ##
#....# #.##.###.


You could see a worm and a rat.

Vanquished Creatures
  An adder (D:2)
  A worm (D:2)
  A giant gecko (D:2)
  3 giant cockroaches (D:1)
  5 hobgoblins
  A quokka (D:2)
  4 bats
  2 giant newts (D:1)
  4 goblins
  10 kobolds
  5 rats
37 creatures vanquished.

Notes
Turn   | Place    | Note
--------------------------------------------------------------
     0 | D:1      | thrall606 the Demonspawn Conjurer began the quest for the Orb.
     0 | D:1      | Reached XP level 1. HP: 13/13 MP: 3/3
     3 | D:1      | Noticed an electric eel
     3 | D:1      | Noticed an electric eel
   352 | D:1      | Gained mutation: You are slightly more attuned to the shadows. [demonic ancestry]
   352 | D:1      | Reached XP level 2. HP: 16/19 MP: 1/5
   445 | D:1      | Learned a level 2 spell: Searing Ray
  1214 | D:2      | Gained mutation: You are significantly more attuned to the shadows. [demonic ancestry]
  1214 | D:2      | Reached XP level 3. HP: 22/25 MP: 1/6
  1684 | D:2      | Slain by a worm

Vault maps used:
D:1:      arrival_aquarium_b
D:2:      first_bread, uniq_robin

Action                   || total
-------------------------++-------
Melee: Dagger            ||    89
 Cast: Magic Dart        ||    44
       Searing Ray       ||    24
  Use: Scroll            ||     5
       Potion            ||     2
  Eat: Chunk             ||     5
